 Dungeon Sprint DCSS version 0.31-a0-18-gea43df2a32 (webtiles) character file.

Game seed: 12143096500334932836

1460 sircluck the Grappler (level 8, -13/89 HPs)
             Began as a Troll Berserker on May 12, 2023.
             Was the Champion of Trog.
             Mangled by Urug
             ... wielding a +4 eveningstar of flaming
              (33 damage)
             ... in the Dungeon (Sprint VII: "The Pits").
             The game lasted 00:03:24 (576 turns).

sircluck the Grappler (Troll Berserker)              Turns: 576, Time: 00:03:24

Health: -13/89     AC:  6    Str: 28    XL:     8   Next: 48%
Magic:  7/7        EV: 12    Int:  3    God:    Trog [******]
Gold:   0          SH:  0    Dex:  9    Spells: 7/7 levels left

rFire   . .          .
                       - Unarmed
rCold   . . .        (no shield)
rNeg    . . .        k - +0 troll leather armour {Pargi}
rPois   .            (helmet restricted)
rElec   .            (no cloak)
rCorr   .            (gloves unavailable)
SInv    .            (boots unavailable)
Will    .....        (no amulet)
Stlth   +            (no ring)
HPRegen 1.94/turn    (no ring)
MPRegen 0.10/turn

%: no teleportation
@: flayed
A: large, unfitting armour, claws 3, regeneration 1, shaggy fur 1, tough skin 1
a: Renounce Religion, Berserk, Trog's Hand, Brothers in Arms


You were in the Dungeon.
You worshipped Trog.
Trog was exalted by your worship.
You visited 1 branch

Inventory:

Missiles
 i - 10 stones (quivered)
Armour
 a - a +0 animal skin
 k - a +0 troll leather armour (worn) {Pargi}
Jewellery
 l - a +3 ring of intelligence
 m - a +3 ring of dexterity
Scrolls
 g - a scroll of blinking
 j - a scroll of summoning
Potions
 b - 6 potions of curing
 c - 12 potions of heal wounds
 d - a potion of haste
 e - 4 potions of magic
 f - 5 potions of berserk rage
 h - 2 potions of invisibility
 n - a potion of resistance


   Skills:
 + Level 8.4 Fighting
 + Level 1.2 Armour
 + Level 9.0 Dodging
 + Level 0.1 Stealth
 + Level 13.1 Unarmed Combat


You had 7 spell levels left.
You didn't know any spells.
Your spell library was empty.

Dungeon Overview and Level Annotations

Branches:
Dungeon (1/1)

Altars:
Ashenzari
Cheibriados
Dithmenos
Elyvilon
Fedhas
Gozag
Hepliaklqana
Kikubaaqudgha
Makhleb
Nemelex Xobeh
Okawaru
Qazlal
Ru
Sif Muna
Trog
Uskayaw
Vehumet
Wu Jian
Xom
Yredelemnul
Zin
The Shining One
Jiyva
Lugonu

Annotations:
D Urug


Innate Abilities, Weirdness & Mutations

You are too large for most types of armour.
You have claws for hands.
Your natural rate of healing is unusually fast.
You are covered in fur. (AC +1)
You have tough skin. (AC +1)


Message History

You claw the snapping turtle!!
The snapping turtle is heavily wounded.
The snapping turtle bites you!
You barely miss the snapping turtle.
The snapping turtle is heavily wounded.
The snapping turtle barely misses you.
You scratch the snapping turtle but do no damage.
The snapping turtle is heavily wounded.
The snapping turtle barely misses you.
You claw the snapping turtle!
The snapping turtle is heavily wounded.
You claw the snapping turtle!
The snapping turtle is severely wounded.
The snapping turtle bites you!!
You scratch the snapping turtle but do no damage.
The snapping turtle is severely wounded.
The snapping turtle bites you.
You claw the snapping turtle! You claw the snapping turtle.
You kill the snapping turtle!
Trog accepts your kill. Trog grants you a weapon!
Something appears at your feet!
You see here a +7 antimagic great sword.
Your Armour skill increases to level 1!
Your Dodging skill increases to level 9!
Your Unarmed Combat skill increases to level 13!
A flayed ghost comes into view.
Urug the Orcish Ballista comes into view.
She is wielding a +4 eveningstar of flaming.
The flayed ghost hits you!
Urug throws a javelin.
The javelin misses you.
The flayed ghost cries, "Feel what I felt!"
Terrible wounds open up all over your body!
The flayed ghost stares at you with tortured malice.
Terrible wounds spread across more of your body!
You closely miss Urug. You claw Urug!!
Urug is moderately wounded.
The flayed ghost hits you!
* * * LOW HITPOINT WARNING * * *
Urug hits you with a +4 eveningstar of flaming!!
You die...

....##.......##.)#
######.......##..#
.#..###########..+
.#.############..#
.#†#....#!.[[##..#
.#'#....#..[[##..##
)#†'††..'..))##...##
.#'#....#..))##.W..###
.'.#....#!.))##.@o...#
######################


You could see Urug and a flayed ghost.

Vanquished Creatures
  An unseen horror (D)
  A snapping turtle (D)
  A floating eye (D)
  A water moccasin (D)
  Pargi (D)
  An ice beast (D)
  A kobold brigand (D)
  A bullfrog (D)
  A necrophage (D)
  A scorpion (D)
  4 wights (D)
  A killer bee (D)
  A hound (D)
  An iguana (D)
  An orc wizard (D)
  2 river rats (D)
  An adder (D)
  A white imp (D)
  An endoplasm (D)
  A goblin (D)
  A hobgoblin (D)
  2 jackals (D)
  A quokka (D)
  A kobold (D)
29 creatures vanquished.

Vanquished Creatures (others)
  A swamp drake (D)
  3 killer bees (D)
4 creatures vanquished.

Grand Total: 33 creatures vanquished

Notes
Turn   | Place    | Note
-------+----------+-------------------------------------------
     0 | D        | sircluck the Troll Berserker began the quest for the Orb.
     0 | D        | Reached XP level 1. HP: 22/22 MP: 0/0
    11 | D        | Noticed an iguana
    11 | D        | Noticed a snapping turtle
    29 | D        | Reached XP level 2. HP: 31/31 MP: 1/1
    33 | D        | Found a bloodstained altar of Trog.
    33 | D        | Found a shimmering blue altar of Sif Muna.
    33 | D        | Found a viscous altar of Jiyva.
    33 | D        | Found a hazy altar of Hepliaklqana.
    33 | D        | Found an opulent altar of Gozag.
    34 | D        | Found a glowing golden altar of the Shining One.
    34 | D        | Found a glowing silver altar of Zin.
    34 | D        | Found a basalt altar of Yredelemnul.
    34 | D        | Found a shimmering altar of Xom.
    34 | D        | Found an ornate altar of the Wu Jian Council.
    34 | D        | Found a sacrificial altar of Ru.
    34 | D        | Found a stormy altar of Qazlal.
    34 | D        | Found an iron altar of Okawaru.
    34 | D        | Found a sparkling altar of Nemelex Xobeh.
    34 | D        | Found a burning altar of Makhleb.
    34 | D        | Found a blossoming altar of Fedhas.
    34 | D        | Found a white marble altar of Elyvilon.
    34 | D        | Found a shadowy altar of Dithmenos.
    34 | D        | Found a snail-covered altar of Cheibriados.
    38 | D        | Found a corrupted altar of Lugonu.
    38 | D        | Found a radiant altar of Vehumet.
    39 | D        | Found a broken altar of Ashenzari.
    39 | D        | Found an ancient bone altar of Kikubaaqudgha.
    39 | D        | Found a hide-covered altar of Uskayaw.
    80 | D        | Reached skill level 4 in Unarmed Combat
    82 | D        | Reached ** piety under Trog
    92 | D        | Noticed a scorpion
   101 | D        | Killed a scorpion
   102 | D        | Reached skill level 5 in Unarmed Combat
   102 | D        | Reached XP level 3. HP: 37/40 MP: 2/2
   102 | D        | Reached XP level 4. HP: 45/49 MP: 3/3
   108 | D        | Reached *** piety under Trog
   109 | D        | Reached skill level 5 in Fighting
   109 | D        | Reached skill level 5 in Dodging
   109 | D        | Reached skill level 6 in Unarmed Combat
   111 | D        | Reached skill level 7 in Unarmed Combat
   111 | D        | Reached XP level 5. HP: 58/58 MP: 4/4
   117 | D        | Reached **** piety under Trog
   118 | D        | Reached skill level 8 in Unarmed Combat
   123 | D        | Reached XP level 6. HP: 67/67 MP: 5/5
   242 | D        | Reached skill level 9 in Unarmed Combat
   245 | D        | Reached ***** piety under Trog
   295 | D        | Noticed a floating eye
   297 | D        | Paralysed by a floating eye for 2 turns
   304 | D        | Paralysed by a floating eye for 3 turns
   309 | D        | Killed a floating eye
   310 | D        | Reached skill level 10 in Unarmed Combat
   310 | D        | Reached XP level 7. HP: 52/78 MP: 6/6
   362 | D        | Killed an unseen horror
   363 | D        | Reached skill level 11 in Unarmed Combat
   364 | D        | Noticed Pargi
   375 | D        | Killed Pargi
   376 | D        | Reached skill level 12 in Unarmed Combat
   376 | D        | Reached XP level 8. HP: 72/88 MP: 7/7
   379 | D        | Reached ****** piety under Trog
   567 | D        | Killed a snapping turtle
   567 | D        | Received a gift from Trog
   568 | D        | Reached skill level 1 in Armour
   568 | D        | Reached skill level 13 in Unarmed Combat
   571 | D        | Noticed a flayed ghost
   572 | D        | Noticed Urug
   576 | D        | Mangled by Urug

Illustrated notes

Levels and vault maps discovered:
D:        pitsprint [storerooms_1, entrance_room_1, metal_vault_6, armoury_2,
          mini_pit_1, grid_room_1, main_hall_1, silver_pit, the_coven_3,
          the_vestibule_1, steel_vault_1, golden_pit, hallway_of_sentries,
          crystal_vault_1, iron_vault_4, final_vault]

Skill      XL: |  1  2  3  4  5  6  7  8 |
---------------+-------------------------+-----
Fighting       | 3 4 5 6 7 8 |  8.4
Dodging        | 3 4 5 6 7 8 9 |  9.0
Unarmed Combat | 5 7 8 10 12 13 | 13.1
Armour         | 1 |  1.2
Stealth        | |  0.1

Action                     |  1- 3 |  4- 6 |  7- 9 || total
---------------------------+-------+-------+-------++-------
  Melee: Unarmed           |    20 |    34 |    58 ||   112
         Punch             |       |       |     7 ||     7
 Invoke: Berserk           |       |     1 |       ||     1
 Armour: Animal skin       |     8 |     8 |    13 ||    29
         Troll leather arm |       |       |     4 ||     4
  Dodge: Dodged            |    11 |     8 |    37 ||    56

Table legend: (Time is in decaauts)
 A = Elapsed time spent in this place.
 B = Non-inter-level travel time spent in this place.
 C = Inter-level travel time spent in this place.
 D = Time resting spent in this place.
 E = Time spent auto-exploring this place.
 F = Levels seen in this place.
 G = Mean time per level.
                   A        B        C        D        E       F      G
               +--------+--------+--------+--------+--------+-----+--------+
         Total |    561 |    438 |    123 |     68 |     70 |   1 |  561.0 |
       Dungeon |    561 |    438 |    123 |     68 |     70 |   1 |  561.0 |
               +--------+--------+--------+--------+--------+-----+--------+

Top non-repeatable levels by time:
       D: 561 daAuts
